[Event "Early-Titled-Tuesday-Blitz-March-12-2024"]
[Site "Chess.com"]
[Date "2024.03.12"]
[Round "2"]
[White "GAO"]
[Black "Switzerlamb"]
[Result "0-1"]
[WhiteElo "2310"]
[BlackElo "2552"]
[TimeControl "180+1"]
[EndTime "8:14:47 PDT"]
[Termination "Switzerlamb won by resignation"]

1. a3 d5 2. c4 e6 3. Nf3 Nf6 4. e3 c5 5. d4 cxd4 6. Nxd4 Be7 7. Nc3 O-O 8. Be2 dxc4 9. Bxc4 e5 10. Ndb5 a6 11.
Qxd8 Rxd8 12. Nc7 Ra7 13. N7d5 Nxd5 14. Nxd5 Bf8 15. e4 Bc5 16. O-O Be6 17. b4 Bd4 18.
Rb1 b5 19. Bb3 Nc6 20. Bg5 Rd6 21. Rfc1 f6 22. Rxc6 Rxc6 23. Be3 Bxe3 24. Nxe3 Bxb3 25. Rxb3 Rc1+ 26. Nf1 Rd7 27. f4 exf4 28. Rf3 g5 29.
h4 Rdd1 30. g3 fxg3 31. hxg5 fxg5 32. Kg2 Rxf1 33. Rxf1 Rxf1 34. Kxf1 h5 35. Kg2 h4 36. Kf3 Kf7 0-1

[Event "Early-Titled-Tuesday-Blitz-March-12-2024"]
[Site "Chess.com"]
[Date "2024.03.12"]
[Round "2"]
[White "JosephRyan"]
[Black "Rutvij09"]
[Result "1-0"]
[WhiteElo "2199"]
[BlackElo "2492"]
[TimeControl "180+1"]
[EndTime "8:15:11 PDT"]
[Termination "JosephRyan won by resignation"]

1. e4 e5 2. Nf3 d6 3. d4 Bg4 4. dxe5 Nd7 5. Be2 dxe5 6. O-O Ngf6 7. Nbd2 Bc5 8. c3 a5 9. a4 Qe7 10. Qc2 O-O 11. Re1 Bh5 12. Nf1 Ng4 13. Ne3 Nxe3 14.
Bxe3 Bxe3 15. fxe3 Qc5 16. Qd3 Rad8 17. Bf1 Qb6 18.
Rad1 c6 19. Qc2 f6 20. Bc4+ Kh8 21. Nh4 Nc5 22. Rxd8 Rxd8 23. Nf5 Bg6 24. Rd1 Rxd1+ 25. Qxd1 Nxe4 26. Qd7 1-0

[Event "Early-Titled-Tuesday-Blitz-March-12-2024"]
[Site "Chess.com"]
[Date "2024.03.12"]
[Round "2"]
[White "albi1999"]
[Black "Vladimir_Zakhartsov"]
[Result "0-1"]
[WhiteElo "2571"]
[BlackElo "2857"]
[TimeControl "180+1"]
[EndTime "8:15:13 PDT"]
[Termination "Vladimir_Zakhartsov won by resignation"]

1. Nf3 c5 2. c4 Nc6 3. e3 Nf6 4. d4 cxd4 5. exd4 d5 6. Nc3 e6 7. cxd5 Nxd5 8. Bd3 Bd6 9. O-O O-O 10. a3 Nxc3 11.
bxc3 h6 12. Qe2 Re8 13. Rd1 Qc7 14. Qe4 f5 15. Qh4 Bd7 16. c4 b6 17. Bb2 Be7 18. Qh5 Bf6 19. Rac1 Rad8 20. Ba1 Qf4 21. g3 Qg4 22. Qxg4 fxg4 23. Ne5 Nxe5 24. dxe5 Bg5 25. Bg6 Rf8 26. Rd4 Bxc1 0-1

[Event "Early-Titled-Tuesday-Blitz-March-12-2024"]
[Site "Chess.com"]
[Date "2024.03.12"]
[Round "2"]
[White "Meri-Arabidze"]
[Black "semchik73"]
[Result "1-0"]
[WhiteElo "2720"]
[BlackElo "2415"]
[TimeControl "180+1"]
[EndTime "8:15:17 PDT"]
[Termination "Meri-Arabidze won by resignation"]

1. d4 d5 2. c4 c6 3. Nc3 Nf6 4. e3 g6 5. Nf3 Bg7 6. Be2 O-O 7. O-O dxc4 8. Bxc4 Bg4 9. h3 Bxf3 10.
Qxf3 Nbd7 11. Qe2 e5 12. dxe5 Nxe5 13. Bb3 Qe7 14. e4 Rad8 15. Be3 b6 16. Rad1 Rxd1 17. Rxd1 Rd8 18. f4 Ned7 19. e5 Nh5 20. Ne4 Nxe5 21.
Rxd8+ Qxd8 22. fxe5 Bxe5 23. Ng5 Nf4 24. Bxf4 Bxf4 25.
Bxf7+ Kh8 26. Ne6 Qf6 27. Nxf4 Qxf7 28. Qe5+ Kg8 29. b3 Kf8 30. Ne6+ Kg8 31. Qb8+ 1-0

[Event "Early-Titled-Tuesday-Blitz-March-12-2024"]
[Site "Chess.com"]
[Date "2024.03.12"]
[Round "2"]
[White "chucksterf10"]
[Black "crosky"]
[Result "0-1"]
[WhiteElo "2536"]
[BlackElo "2324"]
[TimeControl "180+1"]
[EndTime "8:15:17 PDT"]
[Termination "crosky won by checkmate"]

1. b3 Nf6 2. Bb2 d5 3. Nf3 Bf5 4. e3 e6 5. Nh4 Bg4 6. f3 Bh5 7. g3 Nbd7 8. d4 Be7 9. Ng2 O-O 10. Nf4 Bg6 11. h4 h6 12. Nxg6 fxg6 13. Bd3 Qe8 14. c4 Bd6 15. f4 c5 16. Qc2 Ng4 17.
Ke2 cxd4 18. exd4 e5 19. Bxg6 Qe7 20. Re1 exf4+ 21. Kd2 Ne3 22. Qd3 Nf6 23. gxf4 Bxf4 24. Kc3 dxc4 25. bxc4 Rac8 26. Nd2 Nfd5+ 27. Kb3 Qb4# 0-1

[Event "Early-Titled-Tuesday-Blitz-March-12-2024"]
[Site "Chess.com"]
[Date "2024.03.12"]
[Round "2"]
[White "masnyszachistaaa"]
[Black "toniv1"]
[Result "1-0"]
[WhiteElo "2568"]
[BlackElo "2334"]
[TimeControl "180+1"]
[EndTime "8:15:23 PDT"]
[Termination "masnyszachistaaa won by resignation"]

1. c4 Nf6 2. Nc3 e6 3. e4 d6 4. d4 Nbd7 5. f4 c5 6. d5 exd5 7. cxd5 g6 8. Nf3 Bg7 9. Bd3 O-O 10. O-O a6 11. a4 Re8 12. Re1 c4 13. Bxc4 Nc5 14. e5 Ng4 15. h3 Nh6 16. Be3 Nf5 17. Bf2 b6 18. b4 Nb7 19. g4 Qc7 20. Qd3 Nh6 21. Rac1 a5 22. Ne4 axb4 23. Bb5 Nc5 24. Nxc5 bxc5 25. Bxe8 1-0

[Event "Early-Titled-Tuesday-Blitz-March-12-2024"]
[Site "Chess.com"]
[Date "2024.03.12"]
[Round "2"]
[White "BillCoe"]
[Black "zajka-molotok"]
[Result "0-1"]
[WhiteElo "2153"]
[BlackElo "2508"]
[TimeControl "180+1"]
[EndTime "8:15:32 PDT"]
[Termination "zajka-molotok won by checkmate"]

1. e4 c5 2. Nf3 Nc6 3. Bb5 g6 4. O-O Bg7 5. Re1 e5 6. c3 Nge7 7. a4 O-O 8. h3 d5 9. exd5 Qxd5 10.
d3 Bf5 11. Bc4 Qd6 12. Qe2 Rad8 13. Be3 b6 14. Na3 Bxd3 15. Bxd3 Qxd3 16. Qxd3 Rxd3 17. Nb5 Rfd8 18. Kf1 a6 19. Nc7 a5 20. Ke2 e4 21.
Ng1 f5 22. Bg5 R8d7 23. Nb5 Nd5 24. Kf1 h6 25. Be3 Ne5 26. h4 Nc4 27. Bc1 Nf6 28.
Ne2 Rd1 29. Be3 Rxa1 30. Rxa1 Nxb2 31. Nf4 Kf7 32. Rb1 Nxa4 33. c4 g5 34. Ne2 f4 35.
Bc1 Rd1# 0-1

[Event "Early-Titled-Tuesday-Blitz-March-12-2024"]
[Site "Chess.com"]
[Date "2024.03.12"]
[Round "2"]
[White "BilodeauA"]
[Black "BilicVladimir"]
[Result "1-0"]
[WhiteElo "2982"]
[BlackElo "2660"]
[TimeControl "180+1"]
[EndTime "8:15:36 PDT"]
[Termination "BilodeauA won by resignation"]

1. e4 c6 2. d4 d5 3. e5 Bf5 4. Nf3 e6 5. Be2 Nd7 6. Nbd2 Ne7 7. O-O Rc8 8. Nb3 Bg4 9. Ne1 Bxe2 10. Qxe2 Nf5 11.
Nd3 Be7 12. g4 Nh4 13. f4 h5 14. f5 c5 15. fxe6 fxe6 16. dxc5 Nxc5 17. Ndxc5 Bxc5+ 18. Kh1 hxg4 19. Qxg4 Nf5 20. Qg6+ Kd7 21. Rxf5 exf5 22. Bg5 Qe8 23. Nxc5+ Rxc5 24. Qd6+ Kc8 25. Qxc5+ Qc6 26. Qxc6+ bxc6 27. Be3 Kd7 28. Rg1 Ke6 29. Rxg7 Kxe5 30. Re7+ Kd6 31. Rxa7 Re8 32. Bf4+ Kc5 33. Ra3 Re2 34.
Re3 Rxc2 35. Rc3+ Rxc3 36. bxc3 Kc4 37. h4 Kxc3 38. h5 d4 39. h6 d3 40. h7 1-0

[Event "Early-Titled-Tuesday-Blitz-March-12-2024"]
[Site "Chess.com"]
[Date "2024.03.12"]
[Round "2"]
[White "emeli_chess"]
[Black "Skatchkov_V"]
[Result "0-1"]
[WhiteElo "2398"]
[BlackElo "2675"]
[TimeControl "180+1"]
[EndTime "8:15:36 PDT"]
[Termination "Skatchkov_V won by resignation"]

1. d4 Nf6 2. c4 e6 3. Nc3 d5 4.
cxd5 exd5 5. Bg5 Bb4 6. e3 h6 7.
Bh4 g5 8. Bg3 Ne4 9. Qc2 h5 10.
f3 Nxg3 11. hxg3 c6 12. Bd3 Be6 13. Ne2 Nd7 14. g4 h4 15. Ng3 Qe7 16. O-O-O Bxg4 17. Nf5 Bxf5 18. Bxf5 Qxe3+ 19. Kb1 Bxc3 20. Bxd7+ Kxd7 21. Rd3 Qf4 22. Qxc3 Rae8 23. Qc5 Qf5 24. Rd1 Re3 25. Qxa7 Rxd3 26. Qxb7+ Kd6 27. Qb4+ Ke6 0-1

[Event "Early-Titled-Tuesday-Blitz-March-12-2024"]
[Site "Chess.com"]
[Date "2024.03.12"]
[Round "2"]
[White "Danny_Billiards"]
[Black "Marcin"]
[Result "1-0"]
[WhiteElo "2796"]
[BlackElo "2496"]
[TimeControl "180+1"]
[EndTime "8:15:37 PDT"]
[Termination "Danny_Billiards won by resignation"]

1. d4 Nf6 2. Nc3 d5 3. Bf4 a6 4. e3 e6 5. g4 Bb4 6. Ne2 Ne4 7. a3 Qh4 8. Bg3 Nxg3 9. fxg3 Bxc3+ 10. Nxc3 Qg5 11.
Qf3 O-O 12. h4 Qe7 13. Bd3 c5 14. dxc5 Qxc5 15. g5 Nc6 16. O-O-O Ne5 17. Qf4 Nxd3+ 18. Rxd3 b5 19. h5 Bb7 20. h6 d4 21. exd4 Qf5 22.
Qxf5 exf5 23. Rf1 g6 24. Re1 Rfe8 25. Rde3 Rxe3 26. Rxe3 Kf8 27. Ne2 Rd8 28. c3 Be4 29. g4 Re8 30. gxf5 Bxf5 31. Kd2 Rd8 32. Ng3 Bb1 33.
Re1 Ba2 34. Ne4 Re8 35. Nf6 Rxe1 36. Kxe1 Ke7 37. Nxh7 Ke6 38. Nf6 1-0

[Event "Early-Titled-Tuesday-Blitz-March-12-2024"]
[Site "Chess.com"]
[Date "2024.03.12"]
[Round "2"]
[White "AlmasRakhmatullaev"]
[Black "Langusto"]
[Result "1-0"]
[WhiteElo "2815"]
[BlackElo "2515"]
[TimeControl "180+1"]
[EndTime "8:15:39 PDT"]
[Termination "AlmasRakhmatullaev won by resignation"]

1. e4 e5 2. Nf3 Nc6 3. Bc4 Nf6 4. Ng5 d5 5. exd5 Na5 6. Bb5+ c6 7. dxc6 bxc6 8. Bd3 Nd5 9. Nf3 Bd6 10. O-O O-O 11.
Re1 Qc7 12. c4 Nb4 13. Bf1 c5 14. Nc3 a6 15. a3 Nbc6 16. Nd5 Qd8 17. h3 f5 18. d3 Rb8 19. Bg5 Qd7 20. b4 Nb7 21.
Rb1 h6 22. Bd2 cxb4 23. axb4 Qf7 24. Bc3 e4 25. dxe4 fxe4 26. Rxe4 Bf5 27. Bd3 Bxe4 28. Bxe4 Rbe8 29. Nf6+ gxf6 30. Bxc6 1-0

[Event "Early-Titled-Tuesday-Blitz-March-12-2024"]
[Site "Chess.com"]
[Date "2024.03.12"]
[Round "2"]
[White "eightbyeightchess"]
[Black "Iskusnyh"]
[Result "0-1"]
[WhiteElo "2399"]
[BlackElo "2675"]
[TimeControl "180+1"]
[EndTime "8:15:45 PDT"]
[Termination "Iskusnyh won by resignation"]

1. e4 e6 2. d4 d5 3. e5 c5 4. c3 Nc6 5. Nf3 Nh6 6. Bd3 cxd4 7.
O-O Nf5 8. a3 Be7 9. b4 O-O 10.
Bb2 f6 11. cxd4 fxe5 12. dxe5 Bd7 13. Nc3 Be8 14. b5 Ncd4 15. Nxd4 Nxd4 16. Bxh7+ Kxh7 17. Qxd4 b6 18. Qg4 Rf5 19. a4 Rc8 20. Rfd1 Rc4 21. Rxd5 Rxg4 22. Rxd8 Bxd8 0-1

[Event "Early-Titled-Tuesday-Blitz-March-12-2024"]
[Site "Chess.com"]
[Date "2024.03.12"]
[Round "2"]
[White "Kotofeyca"]
[Black "stollenmonster"]
[Result "0-1"]
[WhiteElo "2463"]
[BlackElo "2870"]
[TimeControl "180+1"]
[EndTime "8:15:46 PDT"]
[Termination "stollenmonster won by checkmate"]

1. d4 Nf6 2. c4 e6 3. Nf3 d5 4.
Nc3 Ne4 5. cxd5 exd5 6. Qb3 c6 7. Bf4 Bd6 8. Bxd6 Qxd6 9. e3 f5 10. Ne5 Nd7 11. f4 O-O 12. Bd3 Nxe5 13. fxe5 Qe7 14.
Bxe4 fxe4 15. Nxe4 Qh4+ 16. Ng3 Bg4 17. Kd2 Rf2+ 18. Kc3 Qg5 19. Rae1 h5 20. Qxb7 Qd8 21. h3 Rb8 22. Qxa7 Rbxb2 23. hxg4 Rxa2 24. Qxa2 Rxa2 25. Ra1 Qa5+ 26. Kb3 Qa3# 0-1

[Event "Early-Titled-Tuesday-Blitz-March-12-2024"]
[Site "Chess.com"]
[Date "2024.03.12"]
[Round "2"]
[White "suspiciumchess"]
[Black "Korchmar_Vasiliy"]
[Result "0-1"]
[WhiteElo "2411"]
[BlackElo "2720"]
[TimeControl "180+1"]
[EndTime "8:15:46 PDT"]
[Termination "Korchmar_Vasiliy won by resignation"]

1. d4 d5 2. Nf3 Nf6 3. c4 c6 4. Nc3 a6 5. c5 Bf5 6. Bf4 e6 7. h3 Nbd7 8. e3 Ne4 9. Nxe4 Bxe4 10.
Be2 Be7 11. O-O O-O 12. b4 Re8 13. a4 Bf6 14. Bg3 e5 15. b5 exd4 16. exd4 axb5 17.
axb5 Rxa1 18. Qxa1 Nxc5 19. Qa7 Bxf3 20. Bxf3 Bxd4 21.
Rd1 Qf6 22. Bc7 Nd3 23. Bb6 Bxb6 24. Qxb6 Ne5 25. Qxb7 Nxf3+ 26. gxf3 Qxf3 27. Rb1 cxb5 28. Qxb5 Qe4 29. Rb4 Qe1+ 30. Kg2 h6 31. Rd4 Re2 32. Qb8+ Kh7 33. Qf4 Re6 34. Rxd5 Rg6+ 35. Kf3 Qh1+ 0-1

[Event "Early-Titled-Tuesday-Blitz-March-12-2024"]
[Site "Chess.com"]
[Date "2024.03.12"]
[Round "2"]
[White "vasblesk"]
[Black "IsaqueGoncalvesSanto"]
[Result "1-0"]
[WhiteElo "2725"]
[BlackElo "1810"]
[TimeControl "180+1"]
[EndTime "8:15:54 PDT"]
[Termination "vasblesk won by resignation"]

1. d4 d5 2. c4 c6 3. Nf3 e6 4. g3 dxc4 5. Bg2 Bb4+ 6. Nc3 Nf6 7. Ne5 Nd5 8. O-O Bxc3 9. bxc3 b5 10. e4 Nxc3 11.
Qf3 f6 12. Qh5+ g6 13. Nxg6 hxg6 14. Qxh8+ Kd7 15. Qg7+ Qe7 16. Qxg6 Ne2+ 17. Kh1 Nxd4 18. Rd1 c5 19. e5 Nc6 20. exf6 Qf8 21. Qg7+ Qxg7 22.
fxg7 Bb7 23. Bg5 Rg8 24. Bf6 Ke8 25. g4 Kf7 26. g5 Bc8 27. h4 Ne7 28. h5 Nef5 29.
h6 Kg6 30. Be4 Bd7 31. Kg2 Nc6 32. Rxd7 Ne5 33. Bxe5 1-0

[Event "Early-Titled-Tuesday-Blitz-March-12-2024"]
[Site "Chess.com"]
[Date "2024.03.12"]
[Round "2"]
[White "Veleamater"]
[Black "SharapovEvgeny"]
[Result "1-0"]
[WhiteElo "2300"]
[BlackElo "2525"]
[TimeControl "180+1"]
[EndTime "8:15:55 PDT"]
[Termination "Veleamater won by resignation"]

1. g3 c5 2. Bg2 Nc6 3. d3 g6 4. Nf3 Bg7 5. O-O e5 6. Nc3 Nge7 7. e4 O-O 8. h3 d6 9. a4 Rb8 10. Nd2 a6 11. f4 b5 12. axb5 axb5 13. Nd5 Nxd5 14.
exd5 Nd4 15. c3 Nf5 16. Ne4 Bb7 17. fxe5 Bxe5 18. g4 Nh4 19. Bg5 Nxg2 20. Bxd8 Ne3 21. Qf3 Nxf1 22. Bf6 Nh2 23. Qf1 Bxd5 24. Bxe5 Bxe4 25.
dxe4 dxe5 26. Kxh2 Rfd8 27. Rd1 b4 28. Rxd8+ Rxd8 29. Qe2 bxc3 30. bxc3 Kg7 31. Qc4 Rd2+ 32. Kg3 f6 33. h4 h6 34. g5 hxg5 35. hxg5 fxg5 36.
Qxc5 Rd3+ 37. Kg4 Kf6 38. Qc6+ Kg7 39. Qc7+ Kf6 40. Qb6+ Kg7 41. Qb7+ Kh6 42. Qe7 Rxc3 43. Qxg5+ Kg7 44. Qe7+ Kh6 45. Qxe5 Rc8 46. Qg5+ Kg7 47. Qe7+ Kh6 48. Qd7 Rf8 49. e5 Rf5 50. e6 Rg5+ 51. Kf4 Rf5+ 52. Ke4 1-0

[Event "Early-Titled-Tuesday-Blitz-March-12-2024"]
[Site "Chess.com"]
[Date "2024.03.12"]
[Round "2"]
[White "Tash_Boy"]
[Black "Msb2"]
[Result "0-1"]
[WhiteElo "2692"]
[BlackElo "3013"]
[TimeControl "180+1"]
[EndTime "8:15:56 PDT"]
[Termination "Msb2 won by resignation"]

1. e4 e6 2. d4 d5 3. Nc3 Nf6 4. e5 Nfd7 5. Nce2 c5 6. c3 Nc6 7.
Nf3 Be7 8. a3 O-O 9. Nf4 Qa5 10.
Bd3 Nxd4 11. Nxd4 cxd4 12. b4 Qc7 13. cxd4 Qc3+ 14. Bd2 Qxd4 15. O-O Qxe5 16. Re1 Qd6 17. Rc1 e5 18. Nh5 Nf6 19. b5 e4 20. Bb4 Qe5 21.
Nxf6+ Qxf6 22. Bxe7 Qxe7 23. f3 f5 24. Bb1 Be6 25. Qd4 Qf6 26. Qxf6 Rxf6 27. Rc7 Rf7 28. Rec1 Rd8 29. Kf2 Rxc7 30. Rxc7 Rd7 31. Rc8+ Kf7 32. a4 Kf6 33. g3 Ke5 34. Re8 Kd6 35. Ke3 Rc7 36.
Rd8+ Ke7 37. Rb8 b6 38. Kd4 Kf6 39. Rf8+ Bf7 40. Ba2 exf3 41. Bxd5 Rd7 42. Rxf7+ Rxf7 43.
Bxf3 Rd7+ 0-1

[Event "Early-Titled-Tuesday-Blitz-March-12-2024"]
[Site "Chess.com"]
[Date "2024.03.12"]
[Round "2"]
[White "PolandHussars"]
[Black "DonkyDonkyDonkey"]
[Result "0-1"]
[WhiteElo "2536"]
[BlackElo "2895"]
[TimeControl "180+1"]
[EndTime "8:15:59 PDT"]
[Termination "DonkyDonkyDonkey won by resignation"]

1. e4 e5 2. Nc3 d5 3. Nxd5 Nf6 4.
Nxf6+ Qxf6 5. Nf3 Qg6 6. d3 Nc6 7. h3 Be6 8. Be3 O-O-O 9. Qd2 f6 10. a3 Qf7 11. O-O-O Bd6 12. Qc3 Kb8 13. Be2 Qe7 14.
d4 exd4 15. Nxd4 Nxd4 16. Bxd4 b6 17. Ba6 c5 18. Be3 Be5 19. Qe1 g5 20. Qe2 Qf7 21. Rxd8+ Rxd8 22. Rd1 Rg8 23. f3 h5 24. Bxc5 bxc5 25.
Qb5+ Ka8 26. Qc6+ Kb8 27. Qxc5 Qc7 28. Qb4+ Qb6 29. Qxb6+ axb6 30. c3 g4 31. hxg4 hxg4 32. a4 gxf3 33. gxf3 Bb3 34. Rd7 Bf4+ 0-1

[Event "Early-Titled-Tuesday-Blitz-March-12-2024"]
[Site "Chess.com"]
[Date "2024.03.12"]
[Round "2"]
[White "VOneChess"]
[Black "jaskol95"]
[Result "0-1"]
[WhiteElo "2326"]
[BlackElo "2567"]
[TimeControl "180+1"]
[EndTime "8:15:59 PDT"]
[Termination "jaskol95 won by resignation"]

1. e4 c5 2. Nf3 e6 3. d4 cxd4 4. Nxd4 Nc6 5. Nc3 Qc7 6. f4 a6 7. Nxc6 Qxc6 8. Be3 b5 9. Bd3 Bb7 10. O-O Nf6 11. a3 b4 12. axb4 Bxb4 13. Rf2 Bxc3 14. bxc3 Nxe4 15. Bxe4 Qxe4 16. Bc5 Qd5 17. Bd4 O-O 18. Qg4 f6 19. Re1 a5 20. Rf3 a4 21. Rg3 g6 22. h4 a3 23. h5 a2 24.
hxg6 h5 25. Qh4 a1=Q 26. Rxa1 Rxa1+ 27. Kh2 Qf5 28. Rg5 fxg5 29. Qxh5 Qxf4+ 0-1

[Event "Early-Titled-Tuesday-Blitz-March-12-2024"]
[Site "Chess.com"]
[Date "2024.03.12"]
[Round "2"]
[White "nelsi"]
[Black "Peng_Li-Min"]
[Result "0-1"]
[WhiteElo "2434"]
[BlackElo "2803"]
[TimeControl "180+1"]
[EndTime "8:16:00 PDT"]
[Termination "Peng_Li-Min won on time"]

1. e4 Nc6 2. Nf3 d5 3. exd5 Qxd5 4. Nc3 Qh5 5. Be2 Bg4 6. d3 e5 7. Be3 f5 8. h3 O-O-O 9. O-O Nf6 10. hxg4 Nxg4 11.
Qc1 Rd6 12. Re1 Rg6 13. g3 f4 14. Bd2 Nxf2 15. Kxf2 Bc5+ 16. d4 Nxd4 17. Nxd4 Bxd4+ 0-1

[Event "Early-Titled-Tuesday-Blitz-March-12-2024"]
[Site "Chess.com"]
[Date "2024.03.12"]
[Round "2"]
[White "santosalberto1987"]
[Black "EpicPlayz282"]
[Result "1-0"]
[WhiteElo "2567"]
[BlackElo "2332"]
[TimeControl "180+1"]
[EndTime "8:16:01 PDT"]
[Termination "santosalberto1987 won by resignation"]

1. e4 e5 2. Nf3 Nc6 3. Bc4 Bc5 4.
O-O Nf6 5. d4 exd4 6. e5 d5 7.
exf6 dxc4 8. fxg7 Rg8 9. Nbd2 Be6 10. Ne4 Be7 11. Bg5 Qd5 12. Bxe7 Qxe4 13. Ng5 Qg6 14. Nxe6 fxe6 15. Bh4 Rxg7 16. g3 Qg4 17. Bf6 Qxd1 18. Raxd1 Rd7 19. g4 Kf7 20. g5 e5 21. h4 e4 22. Rfe1 Re8 23. Kg2 h6 24. Kg3 Rd5 25.
Kf4 d3 26. Rxe4 Rxe4+ 27. Kxe4 dxc2 28. Rc1 Rd2 29. Ke3 Rd3+ 30. Ke2 Nb4 31. a3 Nd5 32.
Rxc2 hxg5 33. Bxg5 Nf4+ 34. Bxf4 1-0

[Event "Early-Titled-Tuesday-Blitz-March-12-2024"]
[Site "Chess.com"]
[Date "2024.03.12"]
[Round "2"]
[White "venturov"]
[Black "FischerKasparow"]
[Result "1-0"]
[WhiteElo "2487"]
[BlackElo "2085"]
[TimeControl "180+1"]
[EndTime "8:16:01 PDT"]
[Termination "venturov won by resignation"]

1. e4 c5 2. Nf3 Nc6 3. d4 cxd4 4. Nxd4 g6 5. Bc4 Bg7 6. Nb3 Nf6 7. Nc3 O-O 8. O-O a6 9. Re1 b5 10. Bf1 Bb7 11.
a4 bxa4 12. Rxa4 d6 13. Bg5 Nd7 14. Nd5 h6 15. Bh4 a5 16. c3 g5 17. Bg3 Nde5 18.
Nd4 e6 19. Ne3 Qe7 20. Nb5 Rfd8 21. Qh5 Rab8 22. h4 Ba6 23. Nd4 Bxf1 24. Rxf1 Bf6 25. Nxc6 Nxc6 26. Ng4 Bg7 27. Nxh6+ Bxh6 28. Qxh6 gxh4 29.
Bxh4 Qf8 30. Qg5+ Kh7 31. Qh5+ Kg8 32. Bf6 1-0

[Event "Early-Titled-Tuesday-Blitz-March-12-2024"]
[Site "Chess.com"]
[Date "2024.03.12"]
[Round "2"]
[White "David_George21"]
[Black "DrCeltic"]
[Result "0-1"]
[WhiteElo "2296"]
[BlackElo "2547"]
[TimeControl "180+1"]
[EndTime "8:16:04 PDT"]
[Termination "DrCeltic won on time"]

1. e4 c5 2. Nf3 e6 3. d4 cxd4 4. Nxd4 Nf6 5. Bd3 Nc6 6. Nxc6 bxc6 7. O-O d5 8. e5 Nd7 9. f4 Ba6 10. Bxa6 Qb6+ 11. Kh1 Qxa6 12. Nd2 Be7 13. Nf3 O-O 14. Be3 Rab8 15. b3 Bc5 16. Bxc5 Nxc5 17. g4 Ne4 18. f5 f6 19. fxe6 Rbe8 20. c4 fxe5 21.
cxd5 cxd5 22. Qxd5 Nf6 23. Qxe5 Nxg4 24. Qg3 Ne3 25. Rg1 Nf5 26. Qg5 Qxe6 27. Raf1 h6 0-1

[Event "Early-Titled-Tuesday-Blitz-March-12-2024"]
[Site "Chess.com"]
[Date "2024.03.12"]
[Round "2"]
[White "elmusmolamas"]
[Black "matagordo"]
[Result "0-1"]
[WhiteElo "2507"]
[BlackElo "2251"]
[TimeControl "180+1"]
[EndTime "8:16:05 PDT"]
[Termination "matagordo won by checkmate"]

1. e4 e6 2. Nf3 d5 3. d3 Nf6 4. Nbd2 Nc6 5. g3 dxe4 6. dxe4 e5 7. Bg2 Bc5 8. O-O O-O 9. c3 a5 10. Qc2 b6 11. Rd1 Ng4 12. Nf1 Bxf2+ 13. Kh1 Qe8 14. h3 f5 15. hxg4 fxg4 16. N3h2 Ba6 17. Be3 Bxf1 18.
Bxf2 Bxg2+ 19. Kxg2 Qh5 20. Rh1 Rf6 21. Qb3+ Kh8 22.
Raf1 Raf8 23. Qc4 Qh3+ 24. Kg1 Rxf2 25. Rxf2 Qxg3+ 26. Rg2 Qe3+ 27. Rf2 Qxf2# 0-1

[Event "Early-Titled-Tuesday-Blitz-March-12-2024"]
[Site "Chess.com"]
[Date "2024.03.12"]
[Round "2"]
[White "bubeliang"]
[Black "Al_Shima"]
[Result "1-0"]
[WhiteElo "2808"]
[BlackElo "2437"]
[TimeControl "180+1"]
[EndTime "8:16:06 PDT"]
[Termination "bubeliang won on time"]

1. d4 Nf6 2. Nc3 d5 3. Bf4 a6 4. e3 e6 5. Nf3 c5 6. Ne5 Nc6 7. h4 Bd6 8. Nxc6 bxc6 9. dxc5 Bxc5 10. Bd3 h6 11. Qf3 Nd7 12. Qg3 Qf6 13. e4 Bd4 14.
Ne2 Bxb2 15. Rb1 Be5 16. O-O O-O 17. Bxe5 Nxe5 18. f4 Nxd3 19. cxd3 a5 20. e5 Qg6 21.
Qxg6 fxg6 22. Nd4 c5 23. Nb5 Rb8 24. Rfc1 Ba6 25. Nc7 Rxb1 26. Rxb1 Bxd3 27. Rc1 c4 28. Nxe6 Rc8 29. Kf2 c3 30. Ke3 Be4 31. Nd4 Kh7 32. g3 a4 33. Nb5 c2 34. Nd6 Rc4 35. Nxc4 1-0

[Event "Early-Titled-Tuesday-Blitz-March-12-2024"]
[Site "Chess.com"]
[Date "2024.03.12"]
[Round "2"]
[White "Airquake"]
[Black "Sam_ChessMood"]
[Result "0-1"]
[WhiteElo "2657"]
[BlackElo "2958"]
[TimeControl "180+1"]
[EndTime "8:16:11 PDT"]
[Termination "Sam_ChessMood won on time"]

1. b3 e5 2. Bb2 Nc6 3. g3 d5 4. Bg2 Nf6 5. e3 Bd6 6. d4 exd4 7. exd4 O-O 8. Ne2 Re8 9. O-O Bg4 10. f3 Bf5 11. Nbc3 h5 12. Qd2 h4 13. Qg5 Bxc2 14. Qxh4 Nb4 15. Bc1 Bd3 16. Rf2 Nc2 17. Rb1 Ne3 18.
Bxe3 Bxb1 19. Bg5 Bh7 20. Nxd5 Be7 21. Nxe7+ Qxe7 22. Nf4 Qd6 23. Bxf6 Qxf6 24. Qxf6 gxf6 25. Nd5 Re1+ 26. Rf1 Rxf1+ 27. Bxf1 Rd8 28. Nxf6+ Kg7 29. Nxh7 Kxh7 30. Bd3+ Kg7 31. Kf2 Rxd4 32. Ke3 c5 33. h4 a5 34. a4 Rb4 35. Bc4 b5 36. axb5 a4 37. Bd3 a3 0-1

[Event "Early-Titled-Tuesday-Blitz-March-12-2024"]
[Site "Chess.com"]
[Date "2024.03.12"]
[Round "2"]
[White "RamonManon0g"]
[Black "ril1997"]
[Result "0-1"]
[WhiteElo "2417"]
[BlackElo "2731"]
[TimeControl "180+1"]
[EndTime "8:16:11 PDT"]
[Termination "ril1997 won by resignation"]

1. e4 e5 2. Nf3 Nc6 3. Bc4 Bc5 4. c3 Nf6 5. d4 exd4 6. e5 d5 7. Bb5 Ne4 8. cxd4 Bb6 9. Nc3 O-O 10. Be3 Bg4 11.
Qc2 Nb4 12. Qb3 a5 13. O-O c6 14. Be2 f5 15. a3 Na6 16. Bxa6 Rxa6 17. Nxe4 fxe4 18.
Nd2 a4 19. Qa2 Ba5 20. Nxe4 Ra8 21. b4 axb3 22. Qxb3 b5 23. Rac1 Ra6 24. Bg5 Qe8 25.
Nc5 Rb6 26. Qg3 Be2 27. Bh6 Qg6 28. Bg5 Bxf1 29. Rxf1 h6 30. Be7 Qxg3 31. hxg3 Re8 32. Bd6 b4 33. Nb3 Rb5 34. a4 Rb6 35. Nxa5 Ra6 36. Bxb4 Rb8 37. Bd2 Rb2 38. Bc3 Rc2 39. Bb4 g6 40. Rd1 Ra2 41. e6 Rxa4 42. Be1 R6xa5 43.
Rc1 Ra6 44. Ra1 Rxa1 0-1

[Event "Early-Titled-Tuesday-Blitz-March-12-2024"]
[Site "Chess.com"]
[Date "2024.03.12"]
[Round "2"]
[White "RobertJFischer71"]
[Black "Matols"]
[Result "1-0"]
[WhiteElo "2573"]
[BlackElo "2363"]
[TimeControl "180+1"]
[EndTime "8:16:12 PDT"]
[Termination "RobertJFischer71 won by resignation"]

1. e4 c6 2. Nc3 d5 3. Nf3 dxe4 4. Nxe4 Nf6 5. Qe2 Nxe4 6. Qxe4 Qd5 7. Qf4 Qf5 8. Qe3 e6 9. Bd3 Qc5 10. b3 Qxe3+ 11.
fxe3 Be7 12. Bb2 O-O 13. O-O-O a5 14. a4 Na6 15. Be2 Nb4 16. e4 Rd8 17. d4 b6 18.
c3 Ba6 19. Rhe1 Bxe2 20. Rxe2 Na6 21. Ne5 Rac8 22. Nc4 Rb8 23. Kc2 f6 24. Bc1 Kf7 25. Bf4 Rb7 26. Red2 Rdd7 27. Be3 Bd8 28. d5 cxd5 29.
exd5 exd5 30. Rxd5 Rxd5 31. Rxd5 Ke7 32. Rb5 Bc7 33. Nxa5 1-0

[Event "Early-Titled-Tuesday-Blitz-March-12-2024"]
[Site "Chess.com"]
[Date "2024.03.12"]
[Round "2"]
[White "Ze-Pequeno"]
[Black "Casper"]
[Result "1-0"]
[WhiteElo "2201"]
[BlackElo "2492"]
[TimeControl "180+1"]
[EndTime "8:16:12 PDT"]
[Termination "Ze-Pequeno won by resignation"]

1. e4 g6 2. d4 Bg7 3. c4 d6 4.
Nf3 Nc6 5. Be3 Bg4 6. Be2 e5 7. d5 Nce7 8. Nc3 f5 9. Ng5 Bxe2 10. Qxe2 Qd7 11. Ne6 Bf6 12. f3 a6 13. c5 Nc8 14. O-O Nge7 15. f4 fxe4 16. Nxe4 Nxd5 17. fxe5 Qxe6 18. Nxf6+ Nxf6 19. Rxf6 Qxe5 20. Qf2 Ne7 21. Bd4 Qd5 22. Re1 O-O-O 23. Rxe7 dxc5 24. Be5 Qd1+ 25.
Qf1 Qxf1+ 26. Kxf1 Rd7 27. Rff7 Rxe7 28. Rxe7 c6 29. Bxh8 1-0